[ AOE2 MATCH · #480865895 ]
Team RMPortuguese vs Byzantines
[ REPLAY ANALYSIS · EXTRACTED FROM THE RECORDED GAME ]
Feudal
12:25
Castle
16:16
Imperial
28:23
| APM avg | 26.6 |
| APM peak | 75 |
| eAPM avg | 11.4 |
| Villagers / military | 157 / 112 |
Focus
⚔️ 27.8% · 🌾 72.2%
Organ Gun ×97 · Bombard Cannon ×10 · Trebuchet (Packed) ×3 · Monk ×2
Feudal
10:30
Castle
22:56
Imperial
41:01
| APM avg | 17.0 |
| APM peak | 86 |
| eAPM avg | 14.5 |
| Villagers / military | 154 / 118 |
Focus
⚔️ 22.8% · 🌾 77.2%
Woad Raider ×81 · Trade Cart ×18 · Knight ×16 · Spearman ×9 · Scout Cavalry ×6 · Skirmisher ×6
Feudal
17:54
Castle
23:30
Imperial
42:27
| APM avg | 8.7 |
| APM peak | 29 |
| eAPM avg | 6.4 |
| Villagers / military | 79 / 0 |
Focus
⚔️ 25.7% · 🌾 74.3%
Unknown (1944) ×55 · Unknown (1968) ×39 · Trade Cart ×2
Feudal
12:59
Castle
17:05
Imperial
30:42
| APM avg | 17.2 |
| APM peak | 66 |
| eAPM avg | 13.2 |
| Villagers / military | 106 / 192 |
Focus
⚔️ 42.2% · 🌾 57.8%
Archer ×122 · Cataphract ×52 · Trade Cart ×17 · Trebuchet (Packed) ×9 · Bombard Cannon ×5 · Monk ×4
Match map
Initial resources + every placement click. Lines = walls · curves = elevation contours. ◆ gold · ⬟ stone · ● berries · ✦ relic · ◌ wall gap
Your base· ✓ Closed at 16:16 · 0t walls · 2 gate(s)
SEANI MONSTA's base· ✓ Closed at 22:56 · 0t walls · 2 gate(s)
Sheldor's base· ✓ Closed at 23:30 · 0t walls · 2 gate(s)
pistoteruel's base· ✓ Closed at 17:05 · 0t walls · 2 gate(s)
Smoothed initial terrain · ◌ = detected wall gap · hover for details
Inputs per minute
— Nicholas - - SEANI MONSTA
Build order — Nicholas
First 150 of 252 actions detected
| 0:06 | Build | House |
| 0:10 | Build | House |
| 0:12 | Build | House |
| 0:12 | Create | Villager (Male) |
| 0:13 | Create | Villager (Male) |
| 0:13 | Create | Villager (Male) |
| 0:13 | Create | Villager (Male) |
| 0:13 | Create | Villager (Male) |
| 0:18 | Build | House |
| 1:51 | Create | Villager (Male) |
| 1:52 | Create | Villager (Male) |
| 2:14 | Create | Villager (Male) |
| 2:14 | Create | Villager (Male) |
| 2:14 | Create | Villager (Male) |
| 2:16 | Build | Lumber Camp |
| 2:34 | Create | Villager (Male) |
| 2:34 | Create | Villager (Male) |
| 3:18 | Create | Villager (Male) |
| 3:18 | Create | Villager (Male) |
| 3:19 | Create | Villager (Male) |
| 4:16 | Create | Villager (Male) |
| 4:16 | Create | Villager (Male) |
| 4:16 | Create | Villager (Male) |
| 5:15 | Create | Villager (Male) |
| 5:15 | Create | Villager (Male) |
| 5:40 | Create | Villager (Male) |
| 5:40 | Create | Villager (Male) |
| 5:52 | Create | Villager (Male) |
| 5:52 | Create | Villager (Male) |
| 5:52 | Create | Villager (Male) |
| 6:44 | Create | Villager (Male) |
| 6:45 | Create | Villager (Male) |
| 6:47 | Build | House |
| 7:06 | Build | Mill |
| 7:10 | Create | Villager (Male) |
| 7:10 | Create | Villager (Male) |
| 7:10 | Create | Villager (Male) |
| 7:11 | Create | Villager (Male) |
| 7:11 | Create | Villager (Male) |
| 8:17 | Create | Villager (Male) |
| 8:58 | Research | Feudal Age |
| 9:11 | Build | Mining Camp |
| 9:32 | Build | Lumber Camp |
| 9:46 | Build | Lumber Camp |
| 9:56 | Build | Lumber Camp |
| 10:14 | Build | Farm |
| 10:14 | Build | Farm |
| 10:15 | Build | Farm |
| 10:15 | Build | Farm |
| 10:15 | Build | Farm |
| 10:16 | Build | Farm |
| 10:51 | Build | Farm |
| 11:16 | Build | Farm |
| 12:25 | Age | Feudal Age |
| 12:34 | Create | Villager (Male) |
| 12:35 | Create | Villager (Male) |
| 12:45 | Build | Market |
| 12:49 | Build | Blacksmith |
| 13:31 | Create | Villager (Male) |
| 13:36 | Research | Castle Age |
| 13:46 | Research | Double-Bit Axe |
| 14:12 | Build | House |
| 14:13 | Build | House |
| 14:15 | Build | House |
| 14:18 | Build | House |
| 14:57 | Create | Villager (Male) |
| 14:57 | Create | Villager (Male) |
| 15:10 | Research | Horse Collar |
| 15:24 | Build | House |
| 15:27 | Build | House |
| 16:16 | Age | Castle Age |
| 16:21 | Build | Town Center |
| 16:32 | Build | Town Center |
| 16:36 | Research | Bow Saw |
| 16:39 | Research | Heavy Plow |
| 17:14 | Build | Monastery |
| 17:30 | Create | Villager (Male) |
| 17:30 | Create | Villager (Male) |
| 17:31 | Create | Villager (Male) |
| 17:41 | Create | Villager (Male) ×5 |
| 17:42 | Create | Villager (Male) ×5 |
| 18:05 | Create | Monk |
| 18:06 | Create | Monk |
| 18:29 | Build | Farm |
| 18:29 | Build | Farm |
| 18:30 | Build | Farm |
| 18:30 | Build | Farm |
| 18:39 | Create | Villager (Male) ×4 |
| 18:55 | Build | Farm |
| 19:05 | Create | Villager (Male) ×2 |
| 19:37 | Create | Villager (Male) ×3 |
| 19:37 | Create | Villager (Male) ×3 |
| 19:44 | Build | Farm |
| 19:45 | Build | Farm |
| 19:45 | Build | Farm |
| 19:45 | Build | Farm |
| 20:31 | Create | Villager (Male) ×5 |
| 20:32 | Create | Villager (Male) ×5 |
| 20:37 | Build | Farm |
| 20:37 | Build | Farm |
| 20:38 | Build | Farm |
| 21:05 | Create | Villager (Male) ×3 |
| 21:05 | Create | Villager (Male) ×3 |
| 21:12 | Build | Farm |
| 21:19 | Build | Farm |
| 21:27 | Build | House |
| 21:28 | Build | House |
| 21:29 | Build | House |
| 21:31 | Build | House |
| 21:32 | Build | House |
| 21:39 | Create | Villager (Male) ×4 |
| 21:48 | Build | Farm |
| 21:51 | Research | Loom |
| 22:07 | Research | Wheelbarrow |
| 22:37 | Build | Castle |
| 23:04 | Build | Castle |
| 23:14 | Create | Villager (Male) ×5 |
| 23:15 | Create | Villager (Male) ×5 |
| 23:15 | Create | Villager (Male) ×4 |
| 23:29 | Build | Mill |
| 23:30 | Build | Farm |
| 23:30 | Build | Farm |
| 23:30 | Build | Farm |
| 23:31 | Build | Farm |
| 23:31 | Build | Farm |
| 23:31 | Build | Farm |
| 23:31 | Build | Farm |
| 23:32 | Build | Farm |
| 23:54 | Build | Mining Camp |
| 23:57 | Build | Lumber Camp |
| 24:14 | Build | House |
| 24:15 | Build | House |
| 24:16 | Build | House |
| 24:17 | Build | House |
| 24:19 | Build | House |
| 24:20 | Build | House |
| 24:33 | Build | Mining Camp |
| 24:41 | Build | Mining Camp |
| 24:52 | Research | Hand Cart |
| 24:52 | Research | Town Watch |
| 25:13 | Research | Imperial Age |
| 25:19 | Create | Organ Gun |
| 25:19 | Create | Organ Gun |
| 25:20 | Create | Organ Gun |
| 25:25 | Create | Villager (Male) ×4 |
| 26:20 | Research | Hand Cart |
| 26:20 | Research | Town Watch |
| 26:22 | Create | Villager (Male) ×3 |
| 26:22 | Create | Villager (Male) ×3 |
| 26:28 | Build | House |
Build order — SEANI MONSTA
First 150 of 388 actions detected
| 0:08 | Build | House |
| 0:12 | Build | House |
| 0:19 | Create | Villager (Male) |
| 0:19 | Research | Loom |
| 0:19 | Create | Villager (Male) |
| 0:19 | Create | Villager (Male) |
| 0:19 | Create | Villager (Male) |
| 0:19 | Create | Villager (Male) |
| 2:03 | Research | Loom |
| 2:14 | Create | Villager (Male) |
| 2:14 | Create | Villager (Male) |
| 2:14 | Create | Villager (Male) |
| 2:48 | Create | Villager (Male) |
| 2:48 | Create | Villager (Male) |
| 2:49 | Create | Villager (Male) |
| 2:49 | Create | Villager (Male) |
| 2:59 | Build | Mill |
| 3:25 | Create | Villager (Male) |
| 4:11 | Create | Villager (Male) |
| 4:26 | Create | Villager (Male) |
| 4:54 | Build | House |
| 4:57 | Build | House |
| 5:15 | Create | Villager (Male) |
| 6:13 | Create | Villager (Male) |
| 6:13 | Create | Villager (Male) |
| 6:39 | Create | Villager (Male) |
| 6:50 | Create | Villager (Male) |
| 7:13 | Create | Villager (Male) |
| 7:47 | Build | Lumber Camp |
| 7:53 | Create | Villager (Male) |
| 8:16 | Research | Feudal Age |
| 8:32 | Build | House |
| 9:28 | Build | Mining Camp |
| 10:23 | Build | Mill |
| 10:26 | Create | Villager (Male) |
| 10:30 | Age | Feudal Age |
| 10:40 | Build | Lumber Camp |
| 10:55 | Create | Villager (Male) |
| 10:56 | Create | Villager (Male) |
| 10:59 | Research | Wheelbarrow |
| 11:03 | Research | Horse Collar |
| 11:09 | Research | Double-Bit Axe |
| 11:34 | Build | House |
| 11:37 | Build | House |
| 11:43 | Create | Villager (Male) |
| 11:43 | Create | Villager (Male) |
| 12:21 | Build | Market |
| 12:29 | Create | Villager (Male) |
| 12:33 | Build | House |
| 12:44 | Build | House |
| 12:54 | Build | Lumber Camp |
| 13:22 | Build | Mill |
| 13:28 | Create | Villager (Male) |
| 13:29 | Create | Villager (Male) |
| 13:52 | Build | Barracks |
| 14:08 | Create | Villager (Male) |
| 14:15 | Build | Farm |
| 14:29 | Create | Spearman |
| 14:29 | Create | Spearman |
| 14:36 | Create | Villager (Male) |
| 14:36 | Create | Villager (Male) |
| 14:42 | Build | Farm |
| 14:44 | Build | Farm |
| 15:11 | Build | Stable |
| 15:35 | Create | Villager (Male) |
| 15:35 | Create | Villager (Male) |
| 15:36 | Create | Villager (Male) |
| 15:37 | Create | Villager (Male) |
| 15:37 | Create | Villager (Male) |
| 15:37 | Create | Villager (Male) |
| 15:37 | Create | Villager (Male) |
| 15:56 | Create | Spearman |
| 16:10 | Create | Villager (Male) |
| 16:12 | Build | Farm |
| 16:13 | Build | Farm |
| 16:15 | Build | Farm |
| 16:15 | Build | Farm |
| 16:16 | Build | Farm |
| 16:29 | Create | Spearman |
| 16:31 | Create | Scout Cavalry |
| 16:31 | Create | Scout Cavalry |
| 16:50 | Build | Archery Range |
| 17:10 | Build | Mill |
| 17:12 | Build | Farm |
| 17:13 | Build | Farm |
| 17:21 | Build | Farm |
| 17:22 | Build | Farm |
| 17:28 | Build | Farm |
| 17:35 | Create | Villager (Male) |
| 17:39 | Build | Farm |
| 17:44 | Build | Farm |
| 17:50 | Build | Farm |
| 18:02 | Create | Skirmisher |
| 18:03 | Create | Skirmisher |
| 18:42 | Create | Villager (Male) |
| 19:04 | Build | Mill |
| 19:05 | Build | Farm |
| 19:07 | Build | Farm |
| 19:10 | Build | Farm |
| 19:17 | Create | Villager (Male) |
| 19:18 | Create | Villager (Male) |
| 20:16 | Research | Castle Age |
| 20:22 | Create | Scout Cavalry |
| 20:36 | Create | Spearman |
| 20:36 | Create | Spearman |
| 20:38 | Create | Scout Cavalry |
| 21:03 | Research | Town Watch |
| 21:50 | Create | Villager (Male) |
| 22:18 | Build | Mining Camp |
| 22:38 | Build | House |
| 22:39 | Build | House |
| 22:40 | Build | House |
| 22:43 | Build | House |
| 22:44 | Build | House |
| 22:45 | Build | House |
| 22:47 | Build | House |
| 22:49 | Build | House |
| 22:50 | Build | House |
| 22:51 | Build | House |
| 22:52 | Build | House |
| 22:54 | Build | House |
| 22:55 | Build | House |
| 22:56 | Age | Castle Age |
| 22:56 | Build | House |
| 22:57 | Build | House |
| 22:59 | Build | House |
| 23:00 | Build | House |
| 23:01 | Build | House |
| 23:03 | Build | House |
| 23:15 | Build | Town Center |
| 23:29 | Build | Town Center |
| 23:43 | Build | Town Center |
| 24:06 | Research | Light Cavalry (upgrade) |
| 24:08 | Research | Husbandry |
| 24:11 | Research | Arson |
| 24:28 | Build | Mining Camp |
| 24:49 | Create | Villager (Male) |
| 24:50 | Create | Villager (Male) |
| 24:50 | Create | Villager (Male) |
| 24:52 | Research | Hand Cart |
| 25:00 | Create | Villager (Male) |
| 25:00 | Create | Villager (Male) |
| 25:01 | Create | Villager (Male) |
| 25:01 | Create | Villager (Male) |
| 25:01 | Create | Villager (Male) |
| 25:04 | Create | Villager (Male) |
| 25:04 | Create | Villager (Male) |
| 25:04 | Create | Villager (Male) |
| 25:04 | Create | Villager (Male) |
| 25:04 | Create | Villager (Male) |
Build order — Sheldor
First 150 of 177 actions detected
| 0:12 | Build | House |
| 0:16 | Build | House |
| 0:50 | Create | Villager (Male) ×4 |
| 1:56 | Create | Villager (Male) |
| 3:07 | Build | Lumber Camp |
| 3:16 | Create | Villager (Male) ×2 |
| 4:24 | Create | Villager (Male) ×3 |
| 6:15 | Build | House |
| 6:17 | Build | House |
| 7:02 | Create | Villager (Male) ×2 |
| 8:06 | Build | Mill |
| 9:12 | Create | Villager (Male) ×4 |
| 9:46 | Build | Mill |
| 10:11 | Create | Villager (Male) ×5 |
| 11:10 | Build | Farm |
| 11:30 | Build | Farm |
| 11:44 | Build | House |
| 11:48 | Build | House |
| 12:07 | Build | Farm |
| 12:07 | Build | Farm |
| 12:08 | Build | Farm |
| 12:09 | Build | Farm |
| 12:10 | Build | Farm |
| 12:11 | Build | Farm |
| 12:20 | Build | Mining Camp |
| 12:56 | Create | Villager (Male) |
| 12:56 | Create | Villager (Male) |
| 12:57 | Create | Villager (Male) |
| 13:20 | Build | Barracks |
| 14:49 | Build | Mining Camp |
| 15:05 | Build | House |
| 15:07 | Build | House |
| 15:44 | Research | Feudal Age |
| 15:54 | Research | Loom |
| 17:37 | Build | Lumber Camp |
| 17:54 | Age | Feudal Age |
| 18:23 | Research | Gold Mining |
| 18:23 | Research | Stone Mining |
| 18:28 | Research | Double-Bit Axe |
| 18:46 | Build | Market |
| 19:01 | Build | Blacksmith |
| 19:10 | Create | Villager (Male) |
| 19:11 | Create | Villager (Male) |
| 19:13 | Create | Villager (Male) |
| 19:15 | Create | Villager (Male) |
| 19:23 | Research | Horse Collar |
| 20:03 | Build | Farm |
| 20:11 | Build | Farm |
| 20:27 | Research | Castle Age |
| 22:42 | Create | Villager (Male) ×5 |
| 22:44 | Create | Villager (Male) ×5 |
| 23:02 | Build | House |
| 23:05 | Build | House |
| 23:11 | Build | House |
| 23:30 | Age | Castle Age |
| 23:57 | Build | Stable |
| 24:24 | Build | Town Center |
| 25:09 | Build | Castle |
| 25:46 | Build | Farm |
| 25:47 | Build | Farm |
| 25:48 | Build | Farm |
| 25:53 | Create | Villager (Male) ×5 |
| 25:53 | Create | Villager (Male) ×5 |
| 25:53 | Create | Villager (Male) ×5 |
| 26:22 | Build | Town Center |
| 26:55 | Create | Villager (Male) ×5 |
| 26:57 | Create | Villager (Male) ×5 |
| 27:09 | Build | University |
| 27:24 | Build | Mining Camp |
| 27:44 | Create | Unit 1968 ×3 |
| 27:52 | Research | Husbandry |
| 27:58 | Create | Unit 1944 |
| 27:58 | Create | Unit 1944 |
| 28:22 | Create | Unit 1968 ×5 |
| 28:27 | Create | Unit 1944 |
| 28:28 | Create | Unit 1944 |
| 28:29 | Create | Unit 1944 |
| 28:31 | Create | Unit 1944 |
| 28:57 | Build | Lumber Camp |
| 29:08 | Build | Lumber Camp |
| 29:22 | Build | Mining Camp |
| 29:40 | Build | Farm |
| 30:01 | Research | Stone Shaft Mining |
| 30:01 | Research | Gold Shaft Mining |
| 30:20 | Create | Unit 1968 ×4 |
| 30:25 | Create | Unit 1944 ×2 |
| 30:40 | Research | Padded Archer Armor |
| 31:01 | Build | Farm |
| 31:01 | Build | Farm |
| 31:01 | Build | Farm |
| 31:01 | Build | Farm |
| 31:02 | Build | Farm |
| 31:03 | Build | Farm |
| 31:04 | Build | Farm |
| 31:06 | Build | Farm |
| 31:23 | Build | Farm |
| 31:23 | Build | Farm |
| 31:29 | Create | Villager (Male) ×4 |
| 31:45 | Build | Farm |
| 32:00 | Research | Bow Saw |
| 32:35 | Create | Villager (Male) ×5 |
| 33:01 | Build | House |
| 33:02 | Build | House |
| 33:04 | Build | House |
| 33:07 | Build | House |
| 33:09 | Build | House |
| 33:11 | Build | House |
| 33:38 | Build | Mining Camp |
| 33:45 | Create | Unit 1944 ×5 |
| 33:46 | Create | Unit 1944 ×3 |
| 33:50 | Create | Unit 1968 ×5 |
| 33:51 | Create | Unit 1968 ×5 |
| 33:51 | Create | Unit 1968 ×5 |
| 33:51 | Create | Unit 1968 ×2 |
| 33:53 | Create | Unit 1968 |
| 33:53 | Create | Unit 1968 |
| 34:01 | Build | Farm |
| 34:07 | Build | Farm |
| 34:15 | Create | Unit 1968 ×2 |
| 34:32 | Build | Farm |
| 34:33 | Build | Farm |
| 34:33 | Build | Farm |
| 34:34 | Build | Farm |
| 34:36 | Build | Farm |
| 34:52 | Build | House |
| 34:54 | Build | House |
| 34:58 | Build | House |
| 35:00 | Build | House |
| 35:09 | Research | Caravan |
| 35:11 | Create | Trade Cart |
| 35:11 | Create | Trade Cart |
| 35:35 | Research | Leather Archer Armor |
| 35:37 | Research | Scale Barding Armor |
| 35:40 | Research | Scale Mail Armor |
| 35:44 | Research | Forging |
| 35:45 | Research | Fletching |
| 36:19 | Build | Stable |
| 36:25 | Build | Stable |
| 36:37 | Create | Unit 1944 ×4 |
| 36:41 | Create | Unit 1968 |
| 36:41 | Create | Unit 1968 |
| 37:00 | Build | Castle |
| 37:20 | Research | Chain Barding Armor |
| 37:26 | Build | Farm |
| 37:31 | Create | Unit 1944 ×2 |
| 38:02 | Research | Ballistics |
| 39:17 | Research | Imperial Age |
| 42:27 | Age | Imperial Age |
| 42:37 | Research | Tech 1074 |
| 42:38 | Research | Tech 1080 |
Build order — pistoteruel
First 150 of 478 actions detected
| 0:20 | Build | House |
| 0:20 | Build | House |
| 0:27 | Create | Villager (Male) |
| 0:27 | Create | Villager (Male) |
| 0:27 | Create | Villager (Male) |
| 0:28 | Create | Villager (Male) |
| 0:28 | Create | Villager (Male) |
| 2:00 | Create | Villager (Male) |
| 2:00 | Create | Villager (Male) |
| 2:13 | Build | Lumber Camp |
| 2:32 | Create | Villager (Male) |
| 3:14 | Create | Villager (Male) |
| 3:15 | Create | Villager (Male) |
| 3:21 | Build | House |
| 3:44 | Create | Villager (Male) |
| 3:44 | Create | Villager (Male) |
| 4:21 | Create | Villager (Male) |
| 4:21 | Create | Villager (Male) |
| 4:50 | Create | Villager (Male) |
| 4:50 | Create | Villager (Male) |
| 4:50 | Create | Villager (Male) |
| 4:50 | Create | Villager (Male) |
| 5:55 | Create | Villager (Male) |
| 6:38 | Create | Villager (Male) |
| 6:39 | Create | Villager (Male) |
| 6:48 | Build | House |
| 7:11 | Build | Mill |
| 7:23 | Create | Villager (Male) |
| 7:24 | Create | Villager (Male) |
| 7:24 | Create | Villager (Male) |
| 7:24 | Create | Villager (Male) |
| 7:24 | Create | Villager (Male) |
| 7:25 | Create | Villager (Male) |
| 7:34 | Build | House |
| 7:58 | Build | House |
| 9:19 | Create | Villager (Male) |
| 9:20 | Create | Villager (Male) |
| 9:20 | Create | Villager (Male) |
| 10:05 | Build | Mining Camp |
| 10:37 | Research | Feudal Age |
| 11:15 | Build | Farm |
| 11:23 | Build | Farm |
| 11:36 | Build | Farm |
| 11:38 | Build | Farm |
| 11:41 | Build | Farm |
| 11:43 | Build | Farm |
| 12:59 | Age | Feudal Age |
| 13:10 | Build | Blacksmith |
| 13:20 | Build | Market |
| 13:35 | Create | Villager (Male) |
| 13:36 | Create | Villager (Male) |
| 14:24 | Research | Castle Age |
| 14:24 | Research | Castle Age |
| 14:31 | Research | Double-Bit Axe |
| 14:55 | Research | Horse Collar |
| 15:13 | Research | Gold Mining |
| 16:16 | Build | Farm |
| 16:16 | Build | Farm |
| 16:17 | Build | Farm |
| 16:17 | Build | Farm |
| 16:24 | Build | Farm |
| 16:25 | Build | Farm |
| 16:25 | Build | Farm |
| 16:26 | Build | Farm |
| 16:47 | Create | Villager (Male) |
| 16:47 | Create | Villager (Male) |
| 16:47 | Create | Villager (Male) |
| 17:05 | Age | Castle Age |
| 17:17 | Build | Town Center |
| 17:48 | Build | Town Center |
| 17:52 | Create | Villager (Male) |
| 17:52 | Create | Villager (Male) |
| 18:13 | Build | House |
| 18:14 | Build | House |
| 18:16 | Build | House |
| 18:19 | Build | House |
| 18:41 | Create | Villager (Male) |
| 18:42 | Create | Villager (Male) |
| 18:42 | Create | Villager (Male) |
| 18:43 | Create | Villager (Male) |
| 18:58 | Research | Wheelbarrow |
| 19:05 | Research | Bow Saw |
| 19:23 | Create | Villager (Male) |
| 19:24 | Create | Villager (Male) |
| 19:24 | Create | Villager (Male) |
| 19:41 | Create | Villager (Male) |
| 19:41 | Create | Villager (Male) |
| 19:50 | Build | Monastery |
| 20:05 | Create | Villager (Male) |
| 20:05 | Create | Villager (Male) |
| 20:26 | Build | Mill |
| 20:37 | Create | Villager (Male) |
| 20:37 | Create | Villager (Male) |
| 20:43 | Research | Fervor |
| 20:44 | Create | Monk |
| 21:01 | Build | Farm |
| 21:19 | Build | Farm |
| 21:26 | Build | Farm |
| 21:27 | Build | Farm |
| 21:27 | Build | Farm |
| 21:33 | Create | Villager (Male) |
| 21:36 | Create | Villager (Male) |
| 21:36 | Create | Villager (Male) |
| 21:37 | Create | Villager (Male) |
| 21:37 | Create | Villager (Male) |
| 21:37 | Create | Villager (Male) |
| 21:41 | Create | Villager (Male) |
| 21:41 | Create | Villager (Male) |
| 21:46 | Build | Farm |
| 21:59 | Build | Farm |
| 22:04 | Build | Farm |
| 22:14 | Build | Farm |
| 22:26 | Create | Villager (Male) |
| 22:26 | Create | Villager (Male) |
| 22:30 | Create | Monk |
| 22:45 | Build | Farm |
| 22:47 | Research | Heavy Plow |
| 22:51 | Research | Gold Shaft Mining |
| 22:54 | Create | Villager (Male) |
| 22:55 | Create | Villager (Male) |
| 23:07 | Build | Farm |
| 23:10 | Create | Villager (Male) |
| 23:11 | Create | Villager (Male) |
| 23:31 | Build | House |
| 23:32 | Build | House |
| 23:33 | Build | House |
| 23:34 | Build | House |
| 23:38 | Build | House |
| 23:39 | Build | House |
| 23:41 | Build | House |
| 23:47 | Create | Villager (Male) |
| 23:47 | Create | Villager (Male) |
| 23:50 | Create | Villager (Male) |
| 23:50 | Create | Villager (Male) |
| 24:35 | Research | Hand Cart |
| 24:38 | Create | Villager (Male) |
| 24:38 | Create | Villager (Male) |
| 25:04 | Create | Villager (Male) |
| 25:05 | Create | Villager (Male) |
| 25:05 | Create | Villager (Male) |
| 25:05 | Create | Villager (Male) |
| 25:09 | Build | Farm |
| 25:13 | Build | Farm |
| 25:51 | Build | University |
| 25:56 | Research | Loom |
| 26:23 | Build | Farm |
| 26:25 | Build | Farm |
| 26:31 | Build | Lumber Camp |
| 26:35 | Build | Farm |
| 26:38 | Build | Farm |
Match timeline
| 10:30 | SEANI MONSTA · age_up feudal |
| 12:25 | Nicholas · age_up feudal |
| 12:59 | pistoteruel · age_up feudal |
| 13:20 | Sheldor · first_building Barracks |
| 13:52 | SEANI MONSTA · first_building Barracks |
| 15:11 | SEANI MONSTA · first_building Stable |
| 16:16 | Nicholas · age_up castle |
| 16:50 | SEANI MONSTA · first_building Archery Range |
| 17:05 | pistoteruel · age_up castle |
| 17:14 | Nicholas · first_building Monastery |
| 17:54 | Sheldor · age_up feudal |
| 19:50 | pistoteruel · first_building Monastery |
| 20:15 | SEANI MONSTA · first_market_sell 100 food |
| 22:37 | Nicholas · first_building Castle |
| 22:56 | SEANI MONSTA · age_up castle |
| 23:30 | Sheldor · age_up castle |
| 23:37 | SEANI MONSTA · first_market_buy 100 stone |
| 23:57 | Sheldor · first_building Stable |
| 25:09 | Sheldor · first_building Castle |
| 27:00 | pistoteruel · first_building Castle |
| 27:15 | pistoteruel · first_building Barracks |
| 28:14 | pistoteruel · first_building Stable |
| 28:23 | Nicholas · age_up imperial |
| 28:59 | SEANI MONSTA · wall_segment Stone Wall x41 |
| 29:21 | Nicholas · first_building Siege Workshop |
| 30:23 | pistoteruel · first_building Siege Workshop |
| 30:42 | pistoteruel · age_up imperial |
| 33:55 | SEANI MONSTA · first_building Castle |
| 39:04 | Sheldor · first_market_sell 100 wood |
| 40:09 | SEANI MONSTA · first_building Siege Workshop |
| 41:01 | SEANI MONSTA · age_up imperial |
| 42:27 | Sheldor · age_up imperial |
| 44:18 | pistoteruel · first_building Archery Range |
| 49:36 | pistoteruel · resign |
[ AI ANALYSIS · 1 CREDIT ]
What really happened in this match?
Wolo.gg analyzes every decision: build order, eco, micro, common mistakes by bracket. Personalized analysis on WhatsApp or Discord in 30 seconds.
Civ guide
Portuguese
Map guide
Arena
Perfil
Nicholas